Map: 2000 애트모스피어 - 래더

Players

cyan

  • Race: Protoss Protoss
  • League: Grandmaster

Bunny - Winner!

  • Race: Terran Terran

Event: DreamHack SC2 Masters Last Chance 2022

VOD

Have the link to the VOD?

Description

Time

  • Played on: Dec. 15, 2021, 6:12 a.m.
  • Length: 12:30

All games in this series

Show
View Real Time Build Order
Export as new Build Order

cyan Protoss 

Build Orders: Colossus Rush 

Get SALT Encoding   

  12  0:00  Probe  
  13  0:12  Probe  
  14  0:17  Pylon  
  14  0:24  Probe (Chrono Boost)  
  15  0:36  Probe (Chrono Boost)  
  15  0:38  Gateway  
  16  0:44  Probe (Chrono Boost)  
  16  0:47  Assimilator  
  17  0:51  Probe  
  18  1:03  Probe  
  19  1:15  Probe  
  20  1:25  Pylon  
  20  1:28  Cybernetics Core  
  20  1:30  Probe  
  22  1:50  Nexus  
  21  1:55  Probe  
  21  1:58  Assimilator  
  22  2:04  Stalker (Chrono Boost)  
  24  2:10  Probe (Chrono Boost)  
  24  2:13  Warp Gate  
  25  2:22  Probe (Chrono Boost)  
  26  2:27  Probe (Chrono Boost)  
  27  2:34  Robotics Facility  
  27  2:36  Probe  
  28  2:42  Stalker  
  30  2:48  Probe  
  31  2:56  Pylon  
  31  3:03  Probe (Chrono Boost)  
  31  3:05  Probe (Chrono Boost)  
  34  3:14  Probe (Chrono Boost)  
  34  3:17  Probe (Chrono Boost)  
  34  3:19  Probe (Chrono Boost)  
  35  3:22  Observer  
  35  3:25  Probe  
  38  3:28  Robotics Bay  
  38  3:30  Probe  
  38  3:31  Gateway  
  39  3:38  Probe  
  39  3:39  Warp Prism (Chrono Boost)  
  40  3:42  Probe  
  40  3:47  Pylon  
  43  3:50  Probe  
  43  3:51  Assimilator  
  43  3:54  Probe  
  45  4:00  Assimilator  
  45  4:02  Probe  
  46  4:05  Stalker  
  46  4:06  Probe  
  49  4:11  Pylon  
  49  4:13  Colossus (Chrono Boost)  
  55  4:17  Probe  
  55  4:20  Probe  
  57  4:24  Pylon  
  57  4:27  Gravitic Drive (Chrono Boost)  
  57  4:30  Probe  
  58  4:33  Probe  
  59  4:38  Pylon  
  59  4:39  Stalker  
  58  4:54  Probe  
  58  4:55  Stalker  
  62  5:00  Observer  
  62  5:01  Probe  
  62  5:06  Probe  
  64  5:07  Stalker  
  65  5:16  Nexus  
  65  5:18  Pylon  
  65  5:22  Stalker  
  65  5:24  Observer  
  68  5:30  Twilight Council  
  68  5:36  Extended Thermal Lance  
  68  5:42  Gateway  
  68  5:47  Stalker x2  
  72  5:51  Probe  
  68  6:00  Probe  
  68  6:03  Colossus (Chrono Boost)  
  67  6:06  Probe  
  74  6:12  Probe  
  75  6:18  Probe  
  75  6:22  Gateway x2  
  75  6:25  Probe  
  77  6:30  Probe  
  77  6:31  Charge (Chrono Boost)  
  78  6:38  Probe x2  
  80  6:40  Stalker, Sentry x2  
  80  6:42  Shield Battery  
  80  6:43  Probe  
  87  6:49  Colossus (Chrono Boost)  
  87  6:50  Probe  
  94  6:57  Probe, Shield Battery  
  94  6:58  Probe  
  96  7:02  Probe, Pylon  
  91  7:09  Probe  
  85  7:16  Probe  
  76  7:28  Pylon  
  76  7:29  Stalker  
  75  7:31  Probe  
  75  7:33  Colossus (Chrono Boost)  
  81  7:39  Probe  
  82  7:46  Pylon  
  82  7:50  Probe  
  81  7:53  Stalker x2  
  81  7:56  Zealot  
  87  8:00  Probe  
  87  8:01  Gateway  
  88  8:07  Probe  
  88  8:10  Blink (Chrono Boost)  
  88  8:12  Pylon  
  89  8:14  Probe  
  90  8:33  Probe x2  
  92  8:43  Templar Archives  
  92  8:44  Observer, Nexus  
  92  8:47  Gateway  
  92  8:54  Zealot x2  
  92  8:55  Zealot  
  98  9:08  Pylon  
  96  9:12  Observer  
  96  9:17  Probe x2  
  98  9:27  High Templar x4  
  98  9:28  Zealot x2  
  110  9:31  Archon  
  110  9:32  Gateway, Archon, Pylon  
  110  9:36  Gateway  
  110  9:40  Probe  
  110  9:46  Pylon  
  110  9:50  Probe, Shield Battery  
  110  9:52  Probe  
  112  10:02  Probe  
  112  10:04  Probe  
  112  10:05  Stalker x4  
  112  10:06  Disruptor (Chrono Boost)  
  113  10:14  Probe  
  113  10:15  Shield Battery  
  113  10:18  Stalker  
  116  10:23  Zealot  
  116  10:27  Stalker  
  120  10:30  Shield Battery  
  120  10:33  Pylon  
  120  10:34  High Templar x2  
  124  10:35  Observer  
  124  10:38  Disruptor (Chrono Boost)  
  124  10:39  Archon  
  127  10:44  Probe  
  127  10:45  Assimilator  
  127  10:46  Probe  
  129  10:51  Observer, Assimilator  
  129  10:52  Robotics Facility  
  129  10:53  Observer, Probe  
  130  10:59  Zealot  
  132  11:05  Forge  
  132  11:09  Disruptor (Chrono Boost)  
  135  11:18  Pylon  
  129  11:36  Observer (Chrono Boost)  
  118  11:47  Zealot x5  
  108  11:57  Stalker x2  
  95  12:12  Probe  
  95  12:14  Pylon  
  89  12:16  Zealot x5  
  94  12:24  Zealot  
  94  12:25  Zealot  
Show
View Real Time Build Order
Export as new Build Order

Bunny Terran - Winner!

Build Orders:  

Get SALT Encoding   

  12  0:00  SCV  
  13  0:12  SCV  
  14  0:16  Supply Depot  
  14  0:24  SCV  
  15  0:38  SCV  
  15  0:41  Barracks  
  16  0:43  Refinery  
  16  0:50  SCV  
  17  1:02  SCV  
  18  1:09  Engineering Bay  
  18  1:14  SCV  
  19  1:28  Marine, Orbital Command  
  20  1:47  Barracks Reactor  
  20  1:52  Command Center  
  20  1:53  SCV  
  21  2:01  Supply Depot  
  21  2:05  SCV  
  22  2:10  Factory  
  22  2:18  SCV  
  23  2:23  Marine x2  
  23  2:25  Refinery  
  25  2:30  SCV  
  26  2:41  Marine x2  
  26  2:42  SCV  
  29  2:54  Hellion  
  29  2:55  Starport  
  31  3:03  Marine x2  
  31  3:04  SCV  
  31  3:05  Orbital Command  
  34  3:15  Widow Mine  
  34  3:18  SCV  
  36  3:21  Marine x2  
  36  3:24  Bunker  
  38  3:30  SCV x2  
  38  3:33  Medivac  
  42  3:38  Widow Mine  
  44  3:41  Supply Depot  
  44  3:45  SCV x2  
  46  4:03  SCV x2  
  46  4:05  Barracks x2  
  46  4:06  Marine x2  
  50  4:10  Factory Tech Lab, Starport Tech Lab  
  50  4:12  Supply Depot  
  50  4:15  SCV x2  
  52  4:23  Engineering Bay  
  52  4:27  SCV x2  
  54  4:35  Marine x2  
  56  4:39  SCV x2, Starport Reactor  
  56  4:40  Refinery  
  56  4:42  Factory Reactor  
  58  4:52  Supply Depot, Terran Infantry Weapons Level 1  
  58  4:53  SCV, Marine x2  
  58  4:54  SCV  
  62  5:01  Stimpack  
  62  5:02  Supply Depot, Combat Shield  
  62  5:13  Refinery, Marine x2  
  62  5:14  Marauder x2  
  68  5:16  SCV x2  
  68  5:19  Supply Depot  
  70  5:24  Widow Mine x2, Medivac  
  70  5:26  Medivac  
  73  5:37  Marauder  
  73  5:38  Marauder  
  72  5:44  SCV x2  
  66  5:53  Marine x2  
  66  5:54  Medivac  
  67  5:59  Marauder  
  67  6:00  Widow Mine x2  
  67  6:02  SCV  
  70  6:06  Marauder  
  70  6:11  Marine x2  
  72  6:13  SCV  
  72  6:14  SCV  
  76  6:20  Concussive Shells  
  76  6:21  Marauder  
  76  6:29  Marine  
  76  6:31  Medivac  
  78  6:35  SCV x2  
  78  6:37  Widow Mine x2  
  86  6:47  Supply Depot x2  
  85  6:51  Command Center  
  83  6:57  Marauder  
  83  6:59  Marine  
  86  7:06  Marine  
  86  7:08  Marauder, Widow Mine x2, Medivac  
  89  7:17  Marine  
  89  7:19  Marauder  
  88  7:24  Marine  
  91  7:30  Marauder, Widow Mine, SCV x2  
  91  7:35  Marine  
  92  7:40  Marine  
  93  7:49  SCV x2  
  97  7:51  Marauder  
  97  7:55  Supply Depot, Widow Mine x2  
  97  7:56  Supply Depot, Marine  
  102  8:02  Marine  
  102  8:03  Marauder  
  102  8:04  Supply Depot  
  102  8:05  Supply Depot  
  105  8:09  Viking x2  
  106  8:16  Supply Depot  
  104  8:22  SCV x2  
  104  8:26  Marauder x2  
  106  8:28  Marine  
  106  8:32  Orbital Command  
  106  8:37  SCV x2  
  108  8:43  Terran Infantry Armor Level 1  
  108  8:46  Marine  
  108  8:47  Marine  
  110  8:50  SCV x2  
  110  8:53  Viking  
  112  9:02  SCV  
  112  9:03  SCV  
  112  9:05  Supply Depot, Armory  
  112  9:06  Marauder  
  112  9:07  Marauder  
  118  9:11  Marine x2  
  118  9:15  Viking  
  122  9:23  Viking  
  123  9:28  Marauder, Marine  
  123  9:29  Marine  
  127  9:43  Ghost Academy  
  127  9:44  Barracks  
  127  9:45  Barracks  
  127  9:47  Marauder  
  127  9:49  Marauder  
  131  9:54  Missile Turret  
  125  10:00  SCV x3  
  125  10:05  Orbital Command  
  126  10:11  Marine x2  
  132  10:16  SCV x2  
  132  10:17  Ghost  
  132  10:22  Ghost  
  132  10:28  Viking  
  136  10:32  Viking  
  138  10:36  SCV x2  
  138  10:37  SCV  
  141  10:47  Barracks Tech Lab, Barracks Reactor  
  141  10:49  SCV x2  
  144  10:50  SCV  
  144  10:55  Enhanced Shockwaves  
  144  11:03  Marauder x2  
  148  11:04  Marine x2  
  148  11:07  Marauder  
  154  11:12  Viking  
  154  11:17  Viking  
  155  11:26  Marauder x2  
  155  11:28  Marine  
  155  11:29  Marauder, Marine x3  
  143  11:49  Viking x2  
  135  11:55  Marauder x3  
  135  11:59  Marine  
  135  12:00  Marine x2  
  132  12:12  SCV x3  
  140  12:28  Refinery  

Tags
 
Add a new tag
Caveats
  • Supply blocks, unpowered buildings, or Contaminate may cause inaccurate times.
  • Supply counts are checked every 10 seconds.